 Dungeon Crawl Stone Soup version 0.26.1-2-gb8aa6d0cf2 (webtiles) character file.

Game seed: 1712383435148410629

2 Descartes the Sneak (level 1, -3/16 HPs)
             Began as a Vine Stalker Delver on Feb 21, 2021.
             Was an Initiate of Dithmenos.
             Slain by a bullfrog (5 damage)
             ... on level 6 of the Dungeon.
             The game lasted 00:00:42 (92 turns).

Descartes the Sneak (Vine Stalker Delver)             Turns: 92, Time: 00:00:43

Health: -3/16      AC: 20    Str: 14    XL:     1   Next: 30%
Magic:  0/2        EV:  2    Int: 10    God:    Dithmenos [......]
Gold:   28         SH:  0    Dex: 15    Spells: 0/0 levels left

rFire    . . .     SeeInvis .     - Unarmed
rCold    . . .     Faith    .   (no shield)
rNeg     + + +     Spirit   +   (armour currently unavailable)
rPois    +         Reflect  .   (helmet currently unavailable)
rElec    .         Harm     .   (cloak currently unavailable)
rCorr    .         Rampage  .   (gloves currently unavailable)
Will     .....     NoTele   +   (boots currently unavailable)
Stlth    +++.......             (no amulet)
HPRegen  0.05/turn              (no ring)
MPRegen  0.08/turn              (no ring)

@: brilliant, tree-form
A: magic shield, no potion heal 3
a: Renounce Religion


You were on level 6 of the Dungeon.
You worshipped Dithmenos.
Dithmenos was noncommittal.
You were a tree.
You visited 1 branch of the dungeon, and saw 2 of its levels.

You collected 28 gold pieces.

Inventory:

Armour
 a - a +0 leather armour (melded)
Wands
 f - a wand of digging (3)
Scrolls
 b - a scroll of fog
 c - a scroll of magic mapping
 d - a scroll of fear
Potions
 e - a potion of haste
 g - a potion of brilliance


   Skills:
 - Level 2.6 Fighting
 - Level 1.5 Dodging
 + Level 6.1 Stealth
 - Level 2.0 Unarmed Combat


You couldn't memorise any spells.
You didn't know any spells.
Your spell library was empty.

Dungeon Overview and Level Annotations

Branches:
Dungeon (6/15)
 Temple: D:4-7

Altars:
Dithmenos


Innate Abilities, Weirdness & Mutations

((You have extremely sharp teeth.))
When hurt, damage is shared between your health and your magic reserves.
((Your bite disrupts and absorbs the magic of your enemies.))
Potions cannot restore your health.


Message History

Your bite misses the leopard gecko. The leopard gecko misses you.
The leopard gecko closely misses you.
You hit the leopard gecko.
The leopard gecko is severely wounded.
The leopard gecko completely misses you.
You hit the leopard gecko.
You kill the leopard gecko!
Dithmenos accepts your kill. The bullfrog barely misses you.
You hit the bullfrog. Your bite misses the bullfrog.
The bullfrog is heavily wounded.
The bullfrog hits you.
* * * LOW HITPOINT WARNING * * *
It was a potion of brilliance.
You feel clever all of a sudden. The bullfrog closely misses you.
The bullfrog barely misses you.
It was a potion of lignification.
You turn into a tree.
Your +0 leather armour melds into your body.
Your roots penetrate the ground.
The bullfrog hits you.
You die...

######### #.......#
#.......#
########........
#.....♣F.......#
#..##.##.......#
#..........###.#
#..#######.# ##.# ###
#.## #.#######..#
#.'.._..+..# .#.
#.###.###..#######...
#.# #.# #...........#


You could see a bullfrog.

Vanquished Creatures
  A leopard gecko (D:6)
1 creature vanquished.

Vanquished Creatures (others)
  3 plants (D:6)
3 creatures vanquished.

Grand Total: 4 creatures vanquished

Notes
Turn   | Place    | Note
-------+----------+-------------------------------------------
     0 | D:5      | Descartes the Vine Stalker Delver began the quest for the
                  | Orb.
     0 | D:5      | Reached XP level 1. HP: 11/11 MP: 2/2
     8 | D:5      | Noticed an ice beast
    58 | D:6      | Found a shadowy altar of Dithmenos.
    69 | D:6      | Became a worshipper of Dithmenos the Shadowed
    81 | D:6      | Noticed a bullfrog
    92 | D:6      | Slain by a bullfrog

Illustrated notes

Levels and vault maps discovered:
D:5:      minmay_clustersquares, layout_rooms,
          lemuel_zombie_altar_kikubaaqudgha, serial_bayou_pond_d,
          minmay_misc_feat_nine_boxes, minmay_hollow_rounded_squares,
          uniq_duvessa, uniq_menkaure
D:6:      layout_rooms, nicolae_tso_besieged_by_evil, lemuel_doored_altar,
          gammafunk_ghost_gnarly_gnolls, minmay_tree_intersection

Action                   || total
-------------------------++-------
Melee: Unarmed           ||     6
       Bite              ||     2
  Use: Potion            ||     2
Armor: Leather armour    ||     1
Dodge: Dodged            ||     8
